Map: Oceanborn LE

Players

LiquidElazer (Elazer)

  • Race: Zerg Zerg
  • Spawn Location: 5:00

PtitDrogo - Winner!

  • Race: Protoss Protoss
  • Spawn Location: 11:00

Event: HomeStory Cup XXV

VOD

Have the link to the VOD?

Description

Time

  • Played on: June 22, 2024, 11:39 a.m.
  • Length: 13:44

All games in this series

Show
View Real Time Build Order
Export as new Build Order

LiquidElazer Zerg 

Build Orders: Hatch First, Roach Hydra 

Get SALT Encoding   

  12  0:00  Drone  
  13  0:12  Overlord  
  13  0:16  Drone  
  14  0:30  Drone x2  
  16  0:47  Hatchery  
  15  0:50  Drone  
  15  0:54  Drone  
  17  0:57  Drone  
  18  1:08  Extractor  
  17  1:12  Spawning Pool  
  17  1:15  Drone  
  17  1:19  Drone  
  18  1:27  Drone  
  19  1:39  Drone  
  20  1:49  Overlord  
  20  1:59  Drone, Queen x2  
  20  2:00  Zergling x2  
  26  2:11  Drone, Zergling x2  
  26  2:12  Metabolic Boost  
  28  2:21  Zergling x2  
  28  2:22  Drone  
  30  2:32  Drone x2  
  30  2:34  Queen  
  34  2:42  Drone, Overlord  
  35  2:53  Hatchery  
  35  2:57  Queen  
  36  3:04  Drone x2  
  38  3:06  Drone  
  38  3:08  Overlord  
  38  3:10  Drone  
  40  3:14  Drone  
  40  3:17  Queen  
  40  3:19  Drone  
  44  3:23  Overlord  
  44  3:29  Drone x3  
  47  3:37  Drone x2  
  47  3:40  Queen  
  51  3:41  Drone x2  
  51  3:43  Drone  
  51  3:47  Spore Crawler  
  53  3:49  Drone x2  
  53  3:52  Spore Crawler, Drone  
  55  4:01  Drone x4  
  59  4:05  Drone  
  60  4:11  Overlord  
  60  4:14  Zergling x6  
  63  4:18  Overlord  
  63  4:19  Spore Crawler  
  63  4:20  Drone x3  
  65  4:24  Drone  
  66  4:33  Lair  
  66  4:37  Drone x4  
  70  4:38  Hatchery  
  70  4:45  Drone x3  
  72  4:47  Roach Warren, Zergling x4  
  72  4:49  Overlord  
  72  4:52  Drone x2  
  75  4:55  Drone x2  
  75  4:57  Drone x2  
  79  5:00  Drone  
  79  5:02  Drone  
  79  5:04  Overlord  
  79  5:05  Drone  
  82  5:10  Drone x5, Extractor x2  
  82  5:13  Extractor  
  84  5:14  Extractor  
  84  5:16  Drone x4  
  84  5:17  Overlord  
  84  5:19  Drone  
  84  5:20  Hatchery  
  86  5:24  Drone  
  87  5:28  Drone x2  
  87  5:31  Glial Reconstitution  
  87  5:33  Extractor  
  87  5:35  Evolution Chamber  
  85  5:37  Spore Crawler  
  85  5:38  Roach x4  
  85  5:39  Overlord  
  85  5:41  Drone x3  
  95  5:49  Overlord  
  95  5:50  Overlord  
  95  5:55  Overlord  
  95  5:56  Drone x4  
  90  6:05  Drone x3, Zerg Missile Weapons Level 1  
  90  6:06  Drone  
  90  6:07  Drone  
  90  6:10  Roach  
  97  6:12  Roach  
  97  6:16  Roach x3  
  105  6:20  Roach x2  
  105  6:22  Roach  
  105  6:23  Roach  
  112  6:25  Hatchery  
  112  6:26  Ravager  
  112  6:29  Overlord  
  112  6:32  Drone  
  113  6:33  Hydralisk Den  
  113  6:38  Drone x5  
  113  6:39  Drone  
  118  6:42  Drone  
  118  6:43  Drone x3  
  122  6:48  Drone  
  122  6:52  Drone x3  
  126  6:56  Overlord  
  126  7:01  Drone x5  
  126  7:04  Extractor  
  126  7:06  Hydralisk x2  
  134  7:10  Hydralisk x3  
  134  7:11  Overlord  
  134  7:12  Grooved Spines  
  138  7:18  Hydralisk x6  
  144  7:23  Overlord  
  144  7:29  Hydralisk x5  
  146  7:31  Spore Crawler  
  146  7:32  Spore Crawler  
  152  7:44  Hydralisk x6  
  152  7:46  Overlord  
  152  7:51  Overlord x2  
  164  7:52  Roach x2  
  164  7:58  Roach x3  
  174  8:02  Muscular Augments  
  172  8:10  Roach x10  
  186  8:13  Ravager x2  
  186  8:14  Ravager  
  186  8:15  Zergling x10  
  194  8:24  Zergling x2  
  194  8:25  Zergling x10  
  183  8:56  Hydralisk  
  183  8:57  Hydralisk x7  
  189  9:04  Roach x7  
  189  9:05  Roach  
  175  9:11  Hydralisk x8  
  175  9:16  Roach x3  
  163  9:20  Roach x2  
  157  9:30  Roach x5  
  158  9:37  Roach x4  
  166  9:41  Hydralisk x2  
  170  9:47  Hydralisk x3, Ravager x2  
  178  9:58  Roach x5  
  171  10:05  Roach  
  158  10:10  Queen  
  158  10:12  Hydralisk x4  
  162  10:17  Hydralisk x3  
  168  10:23  Roach x2  
  168  10:25  Ravager  
  168  10:26  Ravager  
  171  10:32  Hatchery  
  171  10:34  Roach x6  
  179  10:38  Ravager  
  179  10:39  Ravager  
  181  10:45  Roach x5  
  181  10:46  Overlord  
  166  11:06  Roach x11  
  156  11:14  Hydralisk x2  
  131  11:19  Hydralisk x2  
  131  11:24  Tunneling Claws  
  135  11:25  Burrow  
  135  11:26  Roach  
  135  11:27  Roach  
  135  11:31  Hydralisk x3  
  145  11:36  Roach  
  147  11:40  Overseer  
  147  11:42  Hydralisk  
  147  11:46  Drone x4  
  153  11:47  Extractor  
  153  11:48  Drone  
  153  11:52  Roach x7  
  153  11:54  Roach  
  169  11:57  Hydralisk  
  171  12:07  Hydralisk x4  
  179  12:09  Roach  
  179  12:10  Roach  
  183  12:18  Roach  
  183  12:19  Roach x7  
  167  12:33  Roach x23  
  167  12:34  Drone x3  
  184  12:39  Roach x3  
  190  12:44  Roach x3  
  190  12:48  Hydralisk  
  190  12:49  Hydralisk  
  186  12:59  Hydralisk x2  
  144  13:13  Hydralisk x10  
  144  13:14  Zergling x2  
Show
View Real Time Build Order
Export as new Build Order

PtitDrogo Protoss - Winner!

Build Orders: 1 Gate Expand, Oracle Opening, Archon Immortal 

Get SALT Encoding   

  12  0:00  Probe  
  13  0:12  Probe  
  14  0:19  Pylon  
  14  0:24  Probe  
  15  0:37  Probe (Chrono Boost)  
  15  0:40  Gateway  
  16  0:46  Probe (Chrono Boost)  
  17  0:50  Assimilator  
  17  0:51  Probe (Chrono Boost)  
  18  1:03  Probe  
  19  1:15  Probe  
  20  1:27  Nexus  
  20  1:37  Cybernetics Core  
  20  1:41  Probe  
  21  1:49  Assimilator  
  21  1:53  Probe  
  22  1:55  Pylon  
  22  2:05  Probe  
  23  2:11  Adept (Chrono Boost)  
  25  2:17  Probe  
  25  2:19  Stargate  
  26  2:29  Warp Gate, Probe (Chrono Boost)  
  27  2:33  Adept  
  29  2:39  Probe (Chrono Boost)  
  31  2:47  Probe (Chrono Boost)  
  31  2:50  Probe (Chrono Boost)  
  32  2:54  Probe x2 (Chrono Boost)  
  34  3:00  Oracle (Chrono Boost)  
  37  3:05  Probe  
  37  3:06  Probe  
  37  3:09  Pylon  
  39  3:17  Gateway, Probe  
  39  3:18  Probe  
  41  3:28  Oracle (Chrono Boost)  
  41  3:30  Probe x2  
  46  3:42  Probe  
  46  3:43  Probe  
  46  3:46  Nexus  
  48  3:50  Pylon  
  48  3:54  Probe (Chrono Boost)  
  48  3:55  Probe (Chrono Boost)  
  50  4:00  Oracle  
  53  4:09  Probe (Chrono Boost)  
  55  4:10  Pylon  
  55  4:11  Assimilator  
  55  4:12  Probe (Chrono Boost)  
  55  4:13  Assimilator  
  55  4:15  Probe (Chrono Boost)  
  56  4:17  Adept  
  58  4:24  Probe  
  58  4:27  Probe  
  60  4:32  Twilight Council  
  60  4:33  Forge  
  61  4:39  Robotics Facility, Probe x2 (Chrono Boost)  
  62  4:47  Gateway  
  62  4:48  Gateway  
  62  4:52  Probe (Chrono Boost)  
  64  4:53  Probe (Chrono Boost)  
  67  5:00  Shield Battery, Probe (Chrono Boost)  
  67  5:01  Probe (Chrono Boost)  
  67  5:03  Probe (Chrono Boost)  
  67  5:06  Shield Battery  
  68  5:07  Protoss Ground Weapons Level 1 (Chrono Boost)  
  68  5:08  Probe x2 (Chrono Boost)  
  68  5:11  Charge, Probe (Chrono Boost)  
  68  5:13  Probe (Chrono Boost)  
  70  5:15  Probe  
  70  5:17  Templar Archives  
  72  5:21  Zealot x2  
  72  5:28  Probe x2  
  73  5:30  Warp Prism (Chrono Boost)  
  73  5:31  Probe  
  76  5:40  Pylon, Probe  
  76  5:41  Probe  
  76  5:42  Zealot  
  80  5:43  Zealot  
  80  5:45  Probe  
  80  5:49  Pylon  
  83  5:54  Probe  
  84  6:00  Probe x2  
  86  6:05  Observer (Chrono Boost), Pylon  
  86  6:06  Probe  
  86  6:08  Robotics Facility  
  86  6:09  Assimilator  
  88  6:12  Assimilator  
  88  6:13  High Templar x3  
  88  6:17  Probe  
  88  6:18  Zealot, Probe  
  96  6:23  Probe  
  99  6:33  Probe x2, Immortal (Chrono Boost)  
  99  6:38  Pylon  
  99  6:39  Pylon x2  
  105  6:41  Gateway  
  105  6:48  Gateway  
  105  6:49  Gateway, Probe  
  105  6:50  Gateway  
  105  6:52  Pylon  
  106  6:57  Stalker  
  106  6:59  Immortal  
  106  7:00  High Templar  
  106  7:01  Zealot x2  
  118  7:12  Pylon  
  118  7:22  Nexus  
  118  7:24  Pylon  
  118  7:26  Immortal  
  122  7:43  Immortal  
  126  7:44  Probe x2  
  126  7:48  Shield Battery, High Templar  
  126  7:49  High Templar x2, Psionic Storm  
  126  7:50  High Templar, Photon Cannon  
  126  7:51  Zealot x4  
  142  7:55  Archon x2  
  142  7:56  Protoss Ground Weapons Level 2 (Chrono Boost)  
  142  7:57  Gateway  
  144  8:00  Gateway, Pylon  
  144  8:01  Pylon  
  144  8:15  Immortal  
  148  8:25  Zealot x7  
  160  8:32  Immortal  
  164  8:39  Probe  
  161  8:47  Zealot  
  161  8:48  Zealot x5  
  166  8:52  Zealot x2  
  150  8:59  Zealot x2  
  114  9:15  Archon  
  97  9:17  Zealot x6  
  97  9:18  Zealot x2  
  97  9:23  Probe x4  
  112  9:29  Immortal (Chrono Boost)  
  112  9:36  High Templar x2  
  112  9:38  Zealot x2, High Templar x6  
  128  9:41  Probe x3  
  128  9:42  Archon x2  
  128  9:43  Archon x2  
  128  9:44  Immortal (Chrono Boost)  
  119  10:00  Zealot x2  
  119  10:01  Protoss Ground Armor Level 1 (Chrono Boost)  
  119  10:06  Warp Prism  
  113  10:10  Zealot x4  
  113  10:13  High Templar x3  
  119  10:19  Archon  
  119  10:22  Zealot  
  119  10:26  High Templar  
  123  10:34  Zealot x4, High Templar  
  129  10:44  Zealot  
  129  10:46  Zealot x3  
  123  11:05  Zealot x2  
  123  11:06  Zealot x4  
  123  11:07  Archon  
  105  11:19  Immortal (Chrono Boost)  
  105  11:22  High Templar x3  
  105  11:23  Probe x3  
  105  11:25  Assimilator, Immortal (Chrono Boost)  
  122  11:27  Photon Cannon  
  122  11:28  Shield Battery  
  122  11:29  Assimilator, Shield Battery  
  122  11:30  Pylon  
  122  11:36  Zealot x7  
  137  11:40  Probe  
  137  11:45  Observer (Chrono Boost)  
  138  11:49  Immortal  
  142  11:56  Zealot x5, Pylon  
  150  12:11  Zealot x5  
  158  12:19  Zealot x5  
  145  12:32  Immortal x2  
  145  12:36  High Templar x5  
  155  12:40  Archon x2  
  155  12:41  Archon  
  153  12:44  High Templar  
  153  12:45  Archon  
  153  12:49  Zealot x4  
  149  13:09  Zealot x8  
  139  13:19  Zealot x5  
  121  13:33  Zealot x5  
Tags
 
Add a new tag
Caveats
  • Supply blocks, unpowered buildings, or Contaminate may cause inaccurate times.
  • Supply counts are checked every 10 seconds.